 Dungeon Crawl Stone Soup version 0.26-a0-1079-g3a4175ecf3 (webtiles) character file.

Game seed: 15457918190787952200

2076 Froggeryz the Covered (level 9, 0/67 HPs)
             Began as a Gnoll Wanderer on Dec 14, 2020.
             Slain by a wyvern zombie (9 damage)
             ... in an ossuary.
             The game lasted 00:11:32 (8729 turns).

Froggeryz the Covered (Gnoll Wanderer)              Turns: 8729, Time: 00:11:32

Health: 0/67       AC: 10    Str: 18    XL:     9   Next: 26%
Magic:  15/15      EV: 10    Int: 14    God:
Gold:   310        SH: 11    Dex: 15    Spells: 16/16 levels left

rFire    + . .     SeeInvis .   r - +2 short sword (vamp)
rCold    . . .     Faith    .   c - +1 kite shield
rNeg     . . .     Spirit   .   n - +0 scale mail
rPois    .         Reflect  .   w - +0 helmet
rElec    .         Harm     .   (no cloak)
rCorr    .         Rampage  .   s - +0 pair of gloves
Will     .....                  (no boots)
Stlth    ++........             (no amulet)
HPRegen  0.21/turn              i - ring of protection from fire
MPRegen  0.14/turn              (no ring)

@: no status effects
A: distributed training, fangs 1, strong nose
a: no special abilities


You were in an ossuary.
You visited 1 branch of the dungeon, and saw 6 of its levels.
You also visited: Sewer and Ossuary.

You collected 310 gold pieces.

Inventory:

Hand Weapons
 r - a +2 vampiric short sword (weapon)
Missiles
 k - 29 poisoned darts (quivered)
Armour
 c - a +1 kite shield (worn)
 n - a +0 scale mail (worn)
 s - a +0 pair of gloves (worn)
 w - a +0 helmet (worn)
Jewellery
 i - a ring of protection from fire (left hand)
 x - an uncursed ring of fire {unknown}
Wands
 b - a wand of random effects (19)
 o - a wand of flame (6)
Scrolls
 f - 5 scrolls of identify
 h - 5 scrolls of remove curse
 j - 3 scrolls of teleportation {unknown}
 m - 2 scrolls of blinking
 p - 3 scrolls of fog {unknown}
 q - a scroll of enchant weapon {unknown}
 t - a scroll of immolation
Potions
 a - a potion of brilliance
 d - a potion of curing
 e - a potion of haste
 g - 2 potions of heal wounds
 l - 4 potions of magic
 u - a potion of berserk rage {unknown}
 v - a potion of lignification


   Skills:
 + Level 4.9 Fighting
 + Level 6.2 Short Blades
 + Level 4.0 Long Blades
 + Level 4.9 Axes
 + Level 4.0 Maces & Flails
 + Level 4.0 Polearms
 + Level 4.0 Staves
 + Level 4.0 Slings
 + Level 4.0 Bows
 + Level 4.0 Crossbows
 + Level 4.0 Throwing
 + Level 6.2 Armour
 + Level 4.9 Dodging
 + Level 5.9 Stealth
 + Level 4.9 Shields
 + Level 4.0 Unarmed Combat
 + Level 4.0 Spellcasting
 + Level 3.3 Conjurations
 + Level 3.3 Hexes
 + Level 3.3 Summonings
 + Level 3.3 Necromancy
 + Level 3.3 Translocations
 + Level 3.3 Transmutations
 + Level 3.3 Fire Magic
 + Level 3.3 Ice Magic
 + Level 3.3 Air Magic
 + Level 3.3 Earth Magic
 + Level 3.3 Poison Magic
 + Level 4.5 Invocations
 + Level 4.0 Evocations


You had 16 spell levels left.
You didn't know any spells.
Your spell library contained the following spells:

 Spells                   Type           Power        Failure   Level
 Summon Small Mammal      Summ           ##..         45%         1
 Call Imp                 Summ           ##......     61%         2
 Call Canine Familiar     Summ           ##......     83%         3
 Summon Guardian Golem    Hex/Summ       ##......     83%         3
 Summon Ice Beast         Ice/Summ       ##......     99%         4
 Summon Lightning Spire   Summ/Air       ##......     99%         4


Dungeon Overview and Level Annotations

Branches:
Dungeon (6/15)              Sewer (visited)         Ossuary (1/1)
 Temple: D:4-7

Altars:
Fedhas
Sif Muna
Uskayaw

Shops:
D:4 }

Annotations:
D:2 Sigmund


Innate Abilities, Weirdness & Mutations

Your experience applies equally to all skills.
You have very sharp teeth.
Your uncanny sense of smell can sniff out nearby items.


Message History

The wyvern zombie is moderately damaged.
The wyvern zombie bites you but does no damage.
You hit the wyvern zombie. Your bite misses the wyvern zombie.
The wyvern zombie is moderately damaged.
You block the wyvern zombie's attack.
You barely miss the wyvern zombie.
The wyvern zombie is moderately damaged.
The wyvern zombie closely misses you.
You completely miss the wyvern zombie.
You bite the wyvern zombie, but do no damage.
The wyvern zombie is moderately damaged.
You block the wyvern zombie's attack. The wyvern zombie barely misses you.
You hit the wyvern zombie but do no damage.
The wyvern zombie is moderately damaged.
The wyvern zombie bites you!
* * * LOW HITPOINT WARNING * * *
You hit the wyvern zombie but do no damage.
The wyvern zombie is moderately damaged.
The wyvern zombie bites you!
You die...

∆∆∆ #.∩.#.###
∆∆∆ #∩..#.'.#
#'#####.###
≈.......'.#
#'#####.###
∆∆∆ #...#.'.#
∆∆∆ #.M.#.###
∆∆∆ #.Z.#.'.#
'##'##'##@###
.........Z.'.#
'#'#'#'#'#'###
# #.#.#.#
#######


You could see a wyvern zombie.

Vanquished Creatures
  Duvessa (D:4)
  An ice beast (D:6)
  A black bear (D:6)
  A phantom (D:5)
  2 ogres
  A centaur (D:4)
  5 big kobolds (Sewer)
  A bullfrog (D:6)
  A wyvern zombie (Ossuary)
  Dowan (D:4)
  A scorpion (D:6)
  A howler monkey (D:6)
  2 centaur zombies (Ossuary)
  A bullfrog zombie (Ossuary)
  A hound (D:5)
  2 orc wizards (D:5)
  A gnoll shaman (D:5)
  12 mummies (Ossuary)
  3 worker ants
  A killer bee zombie (Ossuary)
  A hound zombie (Ossuary)
  3 worker ant zombies (Ossuary)
  Robin (D:4)
  3 gnolls (D:5)
  13 adders
  A river rat (Sewer)
  A white imp (D:5)
  3 oozes (Sewer)
  An adder zombie (D:5)
  5 worms
  2 dart slugs (D:2)
  6 leopard geckos
  9 orcs
  5 ball pythons
  5 giant cockroaches
  13 goblins
  12 hobgoblins
  9 jackals
  3 quokkas
  5 bats
  7 frilled lizards
  10 kobolds
  A leopard gecko zombie (Ossuary)
  10 rats
  A bush (D:4)
170 creatures vanquished.

Vanquished Creatures (others)
  7 plants (D:3)
  10 withered plants (Ossuary)
17 creatures vanquished.

Grand Total: 187 creatures vanquished

Notes
Turn   | Place    | Note
-------+----------+-------------------------------------------
     0 | D:1      | Froggeryz the Gnoll Wanderer began the quest for the Orb.
     0 | D:1      | Froggeryz set off with the following items: a +0 hand axe,
                  | a potion of lignification, a +0 kite shield, a +0 robe, a
                  | +0 dagger
     0 | D:1      | Reached XP level 1. HP: 17/17 MP: 1/1
   463 | D:1      | Reached XP level 2. HP: 23/23 MP: 2/2
  1150 | D:2      | Noticed Sigmund
  1251 | D:1      | Reached XP level 3. HP: 9/28 MP: 3/3
  1803 | D:2      | Reached skill level 1 in Invocations
  1916 | D:2      | Reached skill level 1 in Long Blades
  1916 | D:2      | Reached skill level 1 in Maces & Flails
  1916 | D:2      | Reached skill level 1 in Polearms
  1916 | D:2      | Reached skill level 1 in Staves
  1916 | D:2      | Reached skill level 1 in Slings
  1916 | D:2      | Reached skill level 1 in Bows
  1916 | D:2      | Reached skill level 1 in Crossbows
  1916 | D:2      | Reached skill level 1 in Throwing
  1916 | D:2      | Reached skill level 1 in Unarmed Combat
  1916 | D:2      | Reached skill level 1 in Spellcasting
  1916 | D:2      | Reached skill level 1 in Evocations
  2115 | D:2      | Reached XP level 4. HP: 27/34 MP: 5/5
  2745 | D:3      | Found a glowing drain.
  2765 | Sewer    | Entered a sewer
  2864 | Sewer    | Noticed a big kobold
  2882 | Sewer    | Reached skill level 1 in Conjurations
  2882 | Sewer    | Reached skill level 1 in Hexes
  2882 | Sewer    | Reached skill level 1 in Summonings
  2882 | Sewer    | Reached skill level 1 in Necromancy
  2882 | Sewer    | Reached skill level 1 in Translocations
  2882 | Sewer    | Reached skill level 1 in Transmutations
  2882 | Sewer    | Reached skill level 1 in Fire Magic
  2882 | Sewer    | Reached skill level 1 in Ice Magic
  2882 | Sewer    | Reached skill level 1 in Air Magic
  2882 | Sewer    | Reached skill level 1 in Earth Magic
  2882 | Sewer    | Reached skill level 1 in Poison Magic
  2907 | Sewer    | Killed a big kobold
  2908 | Sewer    | Reached XP level 5. HP: 22/41 MP: 5/7
  3149 | Sewer    | Noticed a big kobold
  3208 | Sewer    | Killed a big kobold
  3209 | Sewer    | Reached XP level 6. HP: 16/47 MP: 8/8
  3466 | Sewer    | Reached skill level 5 in Short Blades
  3466 | Sewer    | Reached skill level 5 in Armour
  4258 | Sewer    | Reached XP level 7. HP: 43/52 MP: 10/10
  5872 | D:4      | Noticed Duvessa
  5872 | D:4      | Noticed Dowan
  5914 | D:4      | Killed Dowan
  5916 | D:4      | Killed Duvessa
  5917 | D:4      | Reached skill level 5 in Stealth
  6097 | D:4      | Reached XP level 8. HP: 60/60 MP: 12/12
  6122 | D:4      | Found a shimmering blue altar of Sif Muna.
  6140 | D:4      | Found Nacvitz's Gadget Shoppe.
  6366 | D:4      | Found a blossoming altar of Fedhas.
  6370 | D:4      | Noticed Robin
  6388 | D:4      | Killed Robin
  6678 | D:5      | Entered Level 5 of the Dungeon
  6726 | D:5      | Found a hide-covered altar of Uskayaw.
  6726 | D:5      | Noticed a +0 dagger
  6726 | D:5      | Noticed a -1 hand axe
  8080 | D:6      | Reached XP level 9. HP: 66/66 MP: 14/14
  8096 | D:6      | Found a sand-covered staircase.
  8135 | Ossuary  | Entered an ossuary
  8729 | Ossuary  | Slain by a wyvern zombie

Illustrated notes

Levels and vault maps discovered:
D:1:      psy_arrival_conway, layout_basic, hex_large
D:2:      layout_rooms, gammafunk_temple_overflow_wave, minmay_hedge_maze,
          uniq_sigmund
D:3:      layout_loops_ring, portal_sewer_entry_d, chequers_big_river
D:4:      layout_rooms, kennysheep_mini, serial_shops, kennysheep_little_box,
          fedhas_bush_and_centaur_altar, uniq_robin, uniq_duvessa
D:5:      layout_basic, dancing_weapons_uskayaw, serial_glass, glass_columns_a,
          glass_columns_a, glass_columns_b, glass_columns_c, glass_columns_b,
          glass_columns_b, kennysheep_generic_room_9
D:6:      layout_loops_ring, enter_ossuary_1, grunt_ministairs_4,
          minmay_door_square
Ossuary:  ossuary_zaba_flooded

Skill      XL: |  1  2  3  4  5  6  7  8  9 |
---------------+----------------------------+-----
Invocations    | 1 2 3 4 |  4.5
Long Blades    | 1 2 3 4 |  4.0
Maces & Flails | 1 2 3 4 |  4.0
Polearms       | 1 2 3 4 |  4.0
Staves         | 1 2 3 4 |  4.0
Slings         | 1 2 3 4 |  4.0
Bows           | 1 2 3 4 |  4.0
Crossbows      | 1 2 3 4 |  4.0
Throwing       | 1 2 3 4 |  4.0
Unarmed Combat | 1 2 3 4 |  4.0
Spellcasting   | 1 2 3 4 |  4.0
Evocations     | 1 2 3 4 |  4.0
Conjurations   | 1 2 3 |  3.3
Hexes          | 1 2 3 |  3.3
Summonings     | 1 2 3 |  3.3
Necromancy     | 1 2 3 |  3.3
Translocations | 1 2 3 |  3.3
Transmutations | 1 2 3 |  3.3
Fire Magic     | 1 2 3 |  3.3
Ice Magic      | 1 2 3 |  3.3
Air Magic      | 1 2 3 |  3.3
Earth Magic    | 1 2 3 |  3.3
Poison Magic   | 1 2 3 |  3.3
Fighting       | 3 4 |  4.9
Axes           | 3 4 |  4.9
Dodging        | 3 4 |  4.9
Shields        | 3 4 |  4.9
Short Blades   | 5 6 |  6.2
Armour         | 5 6 |  6.2
Stealth        | 5 |  5.9

Action                   |  1- 3 |  4- 6 |  7- 9 || total
-------------------------+-------+-------+-------++-------
Melee: Hand axe          |   124 |    48 |       ||   172
       Bite              |    15 |    36 |    95 ||   146
       Flail             |     4 |    34 |       ||    38
       Whip              |       |    81 |       ||    81
       Short sword       |       |    91 |   698 ||   789
Throw: Dart              |       |     1 |    10 ||    11
Evoke: Wand              |       |       |     5 ||     5
  Use: Scroll            |     3 |     4 |       ||     7
       Potion            |     1 |       |     5 ||     6
 Stab: Sleeping          |     3 |       |    11 ||    14
       Distracted        |       |     1 |       ||     1
       Invisible         |       |       |     5 ||     5
Armor: Robe              |     2 |       |       ||     2
       Ring mail         |    50 |    50 |    20 ||   120
       Leather armour    |     1 |       |       ||     1
       Scale mail        |       |       |   106 ||   106
       Skin              |       |       |    18 ||    18
Dodge: Dodged            |    70 |    85 |   153 ||   308
Block: Kite shield       |    67 |   107 |   272 ||   446

Table legend: (Time is in decaauts)
 A = Elapsed time spent in this place.
 B = Non-inter-level travel time spent in this place.
 C = Inter-level travel time spent in this place.
 D = Time resting spent in this place.
 E = Time spent auto-exploring this place.
 F = Levels seen in this place.
 G = Mean time per level.
                   A        B        C        D        E       F      G
               +--------+--------+--------+--------+--------+-----+--------+
         Total |   8901 |   8603 |    298 |   2440 |   4017 |   8 | 1112.6 |
       Dungeon |   6402 |   6104 |    298 |   1663 |   3000 |   6 | 1067.0 |
         Sewer |   1924 |   1924 |      0 |    418 |    990 |   1 | 1924.0 |
       Ossuary |    574 |    574 |      0 |    358 |     26 |   1 |  574.0 |
               +--------+--------+--------+--------+--------+-----+--------+

Top non-repeatable levels by time:
   Sewer: 1924 daAuts
     D:1: 1652 daAuts
     D:5: 1266 daAuts
     D:4: 1211 daAuts
     D:3: 1085 daAuts
     D:2: 1018 daAuts
 Ossuary: 574 daAuts
     D:6: 168 daAuts
